 Dungeon Crawl Stone Soup version 0.31.0-11-ge490571c62 (webtiles) character file.

Game seed: 9809324168090245282

210 qw the Ducker (level 5, -8/25 HPs)
             Began as a Spriggan Hunter on Feb 4, 2024.
             Killed by divine providence
             ... invoked by an orc priest
              (14 damage)
             ... on level 3 of the Dungeon.
             The game lasted 00:00:03 (1493 turns).

qw the Ducker (Spriggan Hunter)                     Turns: 1493, Time: 00:00:04

Health: -8/25      AC:  2    Str:  7    XL:     5   Next: 56%
Magic:  6/6        EV: 22    Int: 10    God:
Gold:   101        SH:  0    Dex: 21    Spells: 4/4 levels left

rFire   . . .        a - +0 shortbow
rCold   . . .        (shield currently unavailable)
rNeg    . . .        c - +0 robe
rPois   .            (helmet restricted)
rElec   .            (no cloak)
rCorr   .            (gloves unavailable)
SInv    +            (boots unavailable)
Will    .....        (no amulet)
Stlth   ++           j - +4 ring of slaying {mikee}
HPRegen 0.24/turn    (no ring)
MPRegen 0.10/turn

%: no passive effects
@: very quick
A: very small, no large weapons, unfitting armour, see invisible, speed 3
a: no special abilities


You were on level 3 of the Dungeon.
You visited 1 branch of the dungeon, and saw 3 of its levels.

You collected 101 gold pieces.


Innate Abilities, Weirdness & Mutations

You are very small and have problems with some larger weapons.
You are too small for most types of armour.
You have supernaturally acute eyesight. (SInv)
You cover ground extremely quickly. (Speed+++)


   Skills:
 + Level 1.5 Fighting
 - Level 5.2 Ranged Weapons
 - Level 6.3 Dodging
 - Level 1.5 Stealth


You had 4 spell levels left.
You didn't know any spells.
Your spell library was empty.

Inventory:

Hand Weapons
 a - a +0 shortbow (weapon)
Armour
 c - a +0 robe (worn)
Jewellery
 j - a +4 ring of slaying (left hand) {mikee}
Scrolls
 b - 2 scrolls of identify
Potions
 d - a potion of resistance {unknown}
 h - a potion of enlightenment
 i - 3 potions of curing

Dungeon Overview and Level Annotations

Branches:
Dungeon (3/15)

Altars:


Message History

Enter note:
1484 ||| RETREEEEATING.
A bat comes into view.
The bat moves out of view.
You shoot an arrow. The arrow hits the orc!
You kill the orc!
You shoot an arrow. The arrow hits the orc warrior.
The orc warrior is moderately wounded.
The orc warrior barely misses you.
You shoot an arrow. The arrow hits the orc warrior.
The orc warrior is heavily wounded.
The orc warrior barely misses you. The orc priest hits you with a +0 club.
The orc warrior hits you with a +0 dire flail!
You shoot an arrow. The arrow hits the orc warrior.
The orc warrior is severely wounded.
The orc priest barely misses you. The orc warrior completely misses you.
You shoot an arrow.
The arrow hits the orc warrior but does no damage.
The orc warrior is severely wounded.
The orc priest miscasts a cantrip.
The orc warrior completely misses you.
You shoot an arrow. The arrow hits the orc warrior!
You kill the orc warrior!
The orc priest hits you with a +0 club.
Your Dodging skill gained 2 levels and is now at level 6!
You have reached level 5!
You feel agile.
You shoot an arrow.
The arrow closely misses the orc priest.
The orc priest invokes the aid of Beogh against you.
Beogh smites you!
You shoot an arrow.
The arrow closely misses the orc priest.
The orc priest hits you with a +0 club.
You shoot an arrow. The arrow hits the orc priest.
The orc priest is moderately wounded.
The orc priest barely misses you.
The orc priest invokes the aid of Beogh against you.
Beogh smites you!
Ouch! That really hurt!
You die...

.#####......#
............####.###
.#
#######...#...........
#.......###.# #.
##.>[##.# #.##.
##.###.# #.#. ...#
#.###.. #.#### #...#.#
# ###.#@# #
##..o)##..###
#........$..#
#.....##..#.# #.....#
.# ##...## ##.## #.#
#.#


You could see an orc priest.

Vanquished Creatures
  An orc warrior (D:3)
  A bombardier beetle (D:3)
  A hound (D:3)
  2 adders (D:2)
  2 ribbon worms (D:2)
  A dart slug (D:1)
  An orc (D:3)
  A ball python (D:2)
  3 endoplasms
  A giant cockroach (D:2)
  3 hobgoblins
  3 kobolds
  A quokka (D:1)
  4 bats
  A frilled lizard (D:1)
  3 goblins (D:2)
  4 rats
33 creatures vanquished.

Notes
Turn   | Place    | Note
-------+----------+-------------------------------------------
     0 | D:1      | qw the Spriggan Hunter began the quest for the Orb.
     0 | D:1      | Reached XP level 1. HP: 10/10 MP: 2/2
     0 | D:1      | 0 ||| qw: Version: 0.3-a-160-g6735b56
     0 | D:1      | 0 ||| qw: Game counter: 4838
     0 | D:1      | 0 ||| qw: Melee chars always use a shield: true
     0 | D:1      | 0 ||| qw: God list: Okawaru
     0 | D:1      | 0 ||| qw: Allow faded altars: false
     0 | D:1      | 0 ||| qw: Do Orc after clearing Dungeon:15 true
     0 | D:1      | 0 ||| qw: Do second Lair branch before Depths: true
     0 | D:1      | 0 ||| qw: Lair rune preference: random
     0 | D:1      | 0 ||| qw: Goals: Normal
     0 | D:1      | 0 ||| PLANNING D:1-11
    91 | D:1      | Reached skill level 3 in Dodging
   352 | D:1      | Reached XP level 2. HP: 14/14 MP: 3/3
   525 | D:1      | Reached skill level 4 in Dodging
   554 | D:1      | 554 ||| DROPPING ring of flight.
   555 | D:1      | 555 ||| UPGRADING to +4 ring of slaying {mikee}.
   556 | D:1      | 556 ||| READING scroll labelled DOOPUD LAUGGAE.
   657 | D:1      | 657 ||| READING scroll labelled GAWECK REIMOXO.
   657 | D:1      | 657 ||| IDENTIFYING coppery potion
   658 | D:1      | 658 ||| READING scroll labelled LIPUDO SEUNETT.
   659 | D:1      | 659 ||| DROPPING scroll of butterflies.
   809 | D:2      | Reached XP level 3. HP: 18/18 MP: 4/4
  1227 | D:2      | 1227 ||| READING 4 scrolls of identify.
  1227 | D:2      | 1227 ||| IDENTIFYING 3 ruby potions
  1228 | D:2      | 1228 ||| READING 3 scrolls of identify.
  1228 | D:2      | 1228 ||| IDENTIFYING scroll labelled UMUUMU MEEN
  1229 | D:2      | 1229 ||| DROPPING scroll of amnesia.
  1254 | D:3      | Reached XP level 4. HP: 22/22 MP: 5/5
  1480 | D:3      | Noticed an orc warrior
  1483 | D:3      | 1483 ||| RETREEEEATING.
  1484 | D:3      | 1484 ||| RETREEEEATING.
  1490 | D:3      | Killed an orc warrior
  1491 | D:3      | Reached skill level 6 in Dodging
  1491 | D:3      | Reached XP level 5. HP: 13/25 MP: 6/6
  1491 | D:3      | HP: 6/25 [orc priest/divine providence (7)]
  1493 | D:3      | Killed from afar by an orc priest

Levels and vault maps discovered:
D:1:      saegor_arrival_simple_a, layout_basic
D:2:      layout_loops_ring
D:3:      minmay_angry_zag, layout_loops_ring

Skill      XL: |  1  2  3  4 |
---------------+-------------+-----
Dodging        | 3 4 6 |  6.3
Ranged Weapons | 5 |  5.2
Fighting       | |  1.5
Stealth        | |  1.5

Action                     |  1- 3 |  4- 6 || total
---------------------------+-------+-------++-------
   Fire: Shortbow          |    58 |    16 ||    74
    Use: Scroll            |     5 |       ||     5
 Armour: Robe              |     1 |     4 ||     5
  Dodge: Dodged            |     9 |     7 ||    16

Table legend:
 A = Non-vault XP
 B = Vault XP
 C = Vault XP percentage of total XP
 D = Non-vault monster count
 E = Vault monster count
 F = Vault count percentage of total count
                 A         B        C        D         E       F
            +---------+---------+-------+---------+---------+-------
      Total |     300 |       0 |   0.0 |      33 |       0 |   0.0
            +---------+---------+-------+---------+---------+-------
        D:1 |      19 |       0 |   0.0 |      11 |       0 |   0.0
        D:2 |      54 |       0 |   0.0 |      16 |       0 |   0.0
        D:3 |     227 |       0 |   0.0 |       6 |       0 |   0.0
            +---------+---------+-------+---------+---------+-------
